 Dungeon Crawl Stone Soup version 0.30.1-4-g462c640d31 (webtiles) character file.

Game seed: 363567807947090871

24 Babbit the Shield-Bearer (level 2, -2/27 HPs)
             Began as a Minotaur Fighter on Aug 17, 2023.
             Killed from afar by Natasha (6 damage)
             ... with a magic dart
             ... on level 2 of the Dungeon.
             The game lasted 00:02:40 (798 turns).

Babbit the Shield-Bearer (Minotaur Fighter)          Turns: 798, Time: 00:02:41

Health: -2/27      AC:  7    Str: 20    XL:     2   Next: 79%
Magic:  1/1        EV:  9    Int:  5    God:
Gold:   75         SH:  4    Dex:  9    Spells: 1/1 levels left

rFire   . . .        a - +0 war axe
rCold   . . .        c - +0 buckler
rNeg    . . .        b - +0 scale mail
rPois   .            (helmet restricted)
rElec   .            (no cloak)
rCorr   .            (no gloves)
SInv    .            (no boots)
Will    .....        (no amulet) Stlth
                     (no ring)
HPRegen 0.24/turn    (no ring)
MPRegen 0.07/turn

%: no passive effects
@: no status effects
A: horns 2, retaliatory headbutt
a: no special abilities


You were on level 2 of the Dungeon.
You visited 1 branch of the dungeon, and saw 2 of its levels.

You collected 75 gold pieces.

Inventory:

Hand Weapons
 a - a +0 war axe (weapon)
Armour
 b - a +0 scale mail (worn)
 c - a +0 buckler (worn)
Scrolls
 f - a scroll of identify {unknown}
Potions
 d - a potion of might
 e - 2 potions of attraction {unknown}
 g - a potion of curing {unknown}
 h - a potion of heal wounds {unknown}
 i - a potion of lignification {unknown}


   Skills:
 + Level 3.9 Fighting
 + Level 2.6 Axes
 + Level 4.1 Armour
 + Level 4.1 Shields


You had one spell level left.
You didn't know any spells.
Your spell library contained the following spells:

 Spells                   Type           Power      Damage    Failure   Level
 Static Discharge         Conj/Air       0%         2-2/arc   95%         2
 Airstrike                Air            0%         2d(0-16)  100%        4
 Summon Lightning Spire   Summ/Air       0%         N/A       100%        4


Dungeon Overview and Level Annotations

Branches:
Dungeon (2/15)

Altars:

Shops:
D:1 :

Annotations:
D:2 Natasha


Innate Abilities, Weirdness & Mutations

You have a pair of horns on your head.
You reflexively headbutt those who attack you in melee.


Message History

There is a stone staircase leading down here.
You climb downwards.
Found a stone staircase leading down.
There is a stone staircase leading up here.
A kobold comes into view. It is wielding a +0 dagger.
The kobold shouts!
Found a silvery potion.
Natasha, Servant of Life and Death comes into view.
You see here 12 gold pieces.
The kobold hits you but does no damage.
You hit the kobold.
The kobold is heavily wounded.
The kobold barely misses you.
You slash the kobold!
You kill the kobold!
You hit Natasha but do no damage. Natasha casts a spell at you.
You resist with significant effort. Natasha claws you.
You hit Natasha.
Natasha is lightly wounded.
Natasha closely misses you. You furiously retaliate!
You headbutt Natasha. You barely miss Natasha. Your headbutt misses Natasha.
Natasha is moderately wounded.
Natasha barely misses you. Natasha claws you but does no damage.
You closely miss Natasha.
Natasha is moderately wounded.
Natasha claws you.
You hit Natasha.
Natasha is moderately wounded.
Natasha claws you. x2
You closely miss Natasha. Your headbutt misses Natasha.
Natasha is moderately wounded.
Natasha stares at you and mumbles some strange words.
The magic dart hits you!
* * * LOW HITPOINT WARNING * * *
You barely miss Natasha.
Natasha is moderately wounded.
Natasha casts a spell at you. The magic dart hits you.
You die...

##. .# #..
.###
##.##...#.
#.........
#.
#........!
#.
#.........
..
#.h.......
#.
#.@.......
..
##$.#..##.
#. ##...#
# #.
#...## #.
###.#
###### #.#
....# ##.#
#.###..#
#..#
#.....[.
#.## #.


You could see Natasha.

Vanquished Creatures
  3 ball pythons (D:1)
  3 bats (D:1)
  3 endoplasms
  3 giant cockroaches (D:1)
  A hobgoblin (D:1)
  A kobold (D:2)
  4 quokkas (D:1)
  A frilled lizard (D:2)
19 creatures vanquished.

Notes
Turn   | Place    | Note
-------+----------+-------------------------------------------
     0 | D:1      | Babbit the Minotaur Fighter began the quest for the Orb.
     0 | D:1      | Reached XP level 1. HP: 19/19 MP: 0/0
   130 | D:1      | Reached XP level 2. HP: 27/27 MP: 1/1
   211 | D:1      | Found Teimatea's Book Boutique.
   439 | D:1      | You fall into a shaft and drop 1 floor!
   788 | D:2      | Noticed Natasha
   798 | D:2      | Killed from afar by Natasha

Illustrated notes

Levels and vault maps discovered:
D:1:      spicycebolla_arrival_risky_transporter, layout_loops_ring,
          serial_shops, nicolae_shop_tiny_statue_garden
D:2:      layout_rooms, corexii_item_surrounded_by_moat, uniq_terence,
          uniq_sigmund, uniq_natasha

Skill      XL: |  1  2 |
---------------+-------+-----
Armour         | 4 |  4.1
Shields        | 4 |  4.1
Fighting       | |  3.9
Axes           | |  2.6

Action                     || total
---------------------------++-------
  Melee: War axe           ||    53
         Headbutt          ||     5
 Armour: Scale mail        ||    26
  Dodge: Dodged            ||    29
  Block: Buckler           ||     9
